Workbook

Sheet Summary
A1: Pest Control Sales Tax Tracker
A2: Internal planning aid only. Confirm taxability, rates, filing duties, and payment records against source documents and qualified advice.
A4: Reporting Start | B4: =IF(Assumptions!B6="","",Assumptions!B6) | D4: Reporting End | E4: =IF(Assumptions!B7="","",Assumptions!B7)
A6: Reconciliation Indicators | D6: Filing Status and Checks
A7: Records | B7: =IF(OR(Assumptions!$B$6="",Assumptions!$B$7=""),"",COUNTIFS('Sales Tax Log'!$A$5:$A$104,">="&Assumptions!$B$6,'Sales Tax Log'!$A$5:$A$104,"<="&Assumptions!$B$7)) | D7: Paid | E7: =IF($B$7="","",COUNTIFS('Sales Tax Log'!$A$5:$A$104,">="&Assumptions!$B$6,'Sales Tax Log'!$A$5:$A$104,"<="&Assumptions!$B$7,'Sales Tax Log'!$N$5:$N$104,"Paid"))
A8: Invoice Sales | B8: =IF($B$7=0,"",SUMIFS('Sales Tax Log'!$H$5:$H$104,'Sales Tax Log'!$A$5:$A$104,">="&Assumptions!$B$6,'Sales Tax Log'!$A$5:$A$104,"<="&Assumptions!$B$7)) | D8: Ready to File | E8: =IF($B$7="","",COUNTIFS('Sales Tax Log'!$A$5:$A$104,">="&Assumptions!$B$6,'Sales Tax Log'!$A$5:$A$104,"<="&Assumptions!$B$7,'Sales Tax Log'!$N$5:$N$104,"Ready to File"))
A9: Taxable Sales | B9: =IF($B$7=0,"",SUMIFS('Sales Tax Log'!$I$5:$I$104,'Sales Tax Log'!$A$5:$A$104,">="&Assumptions!$B$6,'Sales Tax Log'!$A$5:$A$104,"<="&Assumptions!$B$7)) | D9: Filed - Unpaid | E9: =IF($B$7="","",COUNTIFS('Sales Tax Log'!$A$5:$A$104,">="&Assumptions!$B$6,'Sales Tax Log'!$A$5:$A$104,"<="&Assumptions!$B$7,'Sales Tax Log'!$N$5:$N$104,"Filed - Unpaid"))
A10: Expected Tax | B10: =IF($B$7=0,"",SUMIFS('Sales Tax Log'!$K$5:$K$104,'Sales Tax Log'!$A$5:$A$104,">="&Assumptions!$B$6,'Sales Tax Log'!$A$5:$A$104,"<="&Assumptions!$B$7)) | D10: Unreviewed | E10: =IF($B$7="","",COUNTIFS('Sales Tax Log'!$A$5:$A$104,">="&Assumptions!$B$6,'Sales Tax Log'!$A$5:$A$104,"<="&Assumptions!$B$7,'Sales Tax Log'!$N$5:$N$104,"Unreviewed"))
A11: Tax Collected | B11: =IF($B$7=0,"",SUMIFS('Sales Tax Log'!$L$5:$L$104,'Sales Tax Log'!$A$5:$A$104,">="&Assumptions!$B$6,'Sales Tax Log'!$A$5:$A$104,"<="&Assumptions!$B$7)) | D11: On Hold | E11: =IF($B$7="","",COUNTIFS('Sales Tax Log'!$A$5:$A$104,">="&Assumptions!$B$6,'Sales Tax Log'!$A$5:$A$104,"<="&Assumptions!$B$7,'Sales Tax Log'!$N$5:$N$104,"On Hold"))
A12: Net Tax Difference | B12: =IF($B$7=0,"",ROUND($B$11-$B$10,2)) | D12: Company Collection Missing | E12: =IF($B$7="","",COUNTIFS('Sales Tax Log'!$A$5:$A$104,">="&Assumptions!$B$6,'Sales Tax Log'!$A$5:$A$104,"<="&Assumptions!$B$7,'Sales Tax Log'!$G$5:$G$104,"Company Collects",'Sales Tax Log'!$K$5:$K$104,">0",'Sales Tax Log'!$L$5:$L$104,""))
A13: Expected Tax Not Marked Paid | B13: =IF($B$7=0,"",SUMIFS('Sales Tax Log'!$K$5:$K$104,'Sales Tax Log'!$A$5:$A$104,">="&Assumptions!$B$6,'Sales Tax Log'!$A$5:$A$104,"<="&Assumptions!$B$7,'Sales Tax Log'!$N$5:$N$104,"<>Paid")) | D13: Paid Status Missing Date | E13: =IF($B$7="","",COUNTIFS('Sales Tax Log'!$A$5:$A$104,">="&Assumptions!$B$6,'Sales Tax Log'!$A$5:$A$104,"<="&Assumptions!$B$7,'Sales Tax Log'!$N$5:$N$104,"Paid",'Sales Tax Log'!$O$5:$O$104,""))
A14: Items Needing Review | B14: =IF($B$7="","",COUNTIFS('Sales Tax Log'!$A$5:$A$104,">="&Assumptions!$B$6,'Sales Tax Log'!$A$5:$A$104,"<="&Assumptions!$B$7,'Sales Tax Log'!$P$5:$P$104,"<>OK",'Sales Tax Log'!$P$5:$P$104,"<>")) | D14: Payment Date Without Paid Status | E14: =IF($B$7="","",COUNTIFS('Sales Tax Log'!$A$5:$A$104,">="&Assumptions!$B$6,'Sales Tax Log'!$A$5:$A$104,"<="&Assumptions!$B$7,'Sales Tax Log'!$N$5:$N$104,"<>Paid",'Sales Tax Log'!$O$5:$O$104,"<>"))
A16: Jurisdiction Reconciliation — First 10 Listed Jurisdictions
A17: Tax Jurisdiction | B17: Invoice Sales | C17: Taxable Sales | D17: Expected Tax | E17: Tax Collected | F17: Tax Difference | G17: Review Count
A18: =IF(Assumptions!A13="","",Assumptions!A13) | B18: =IF($A18="","",SUMIFS('Sales Tax Log'!$H$5:$H$104,'Sales Tax Log'!$A$5:$A$104,">="&Assumptions!$B$6,'Sales Tax Log'!$A$5:$A$104,"<="&Assumptions!$B$7,'Sales Tax Log'!$F$5:$F$104,$A18)) | C18: =IF($A18="","",SUMIFS('Sales Tax Log'!$I$5:$I$104,'Sales Tax Log'!$A$5:$A$104,">="&Assumptions!$B$6,'Sales Tax Log'!$A$5:$A$104,"<="&Assumptions!$B$7,'Sales Tax Log'!$F$5:$F$104,$A18)) | D18: =IF($A18="","",SUMIFS('Sales Tax Log'!$K$5:$K$104,'Sales Tax Log'!$A$5:$A$104,">="&Assumptions!$B$6,'Sales Tax Log'!$A$5:$A$104,"<="&Assumptions!$B$7,'Sales Tax Log'!$F$5:$F$104,$A18)) | E18: =IF($A18="","",SUMIFS('Sales Tax Log'!$L$5:$L$104,'Sales Tax Log'!$A$5:$A$104,">="&Assumptions!$B$6,'Sales Tax Log'!$A$5:$A$104,"<="&Assumptions!$B$7,'Sales Tax Log'!$F$5:$F$104,$A18)) | F18: =IF($A18="","",ROUND(E18-D18,2)) | G18: =IF($A18="","",COUNTIFS('Sales Tax Log'!$A$5:$A$104,">="&Assumptions!$B$6,'Sales Tax Log'!$A$5:$A$104,"<="&Assumptions!$B$7,'Sales Tax Log'!$F$5:$F$104,$A18,'Sales Tax Log'!$P$5:$P$104,"<>OK",'Sales Tax Log'!$P$5:$P$104,"<>"))
A19: =IF(Assumptions!A14="","",Assumptions!A14) | B19: =IF($A19="","",SUMIFS('Sales Tax Log'!$H$5:$H$104,'Sales Tax Log'!$A$5:$A$104,">="&Assumptions!$B$6,'Sales Tax Log'!$A$5:$A$104,"<="&Assumptions!$B$7,'Sales Tax Log'!$F$5:$F$104,$A19)) | C19: =IF($A19="","",SUMIFS('Sales Tax Log'!$I$5:$I$104,'Sales Tax Log'!$A$5:$A$104,">="&Assumptions!$B$6,'Sales Tax Log'!$A$5:$A$104,"<="&Assumptions!$B$7,'Sales Tax Log'!$F$5:$F$104,$A19)) | D19: =IF($A19="","",SUMIFS('Sales Tax Log'!$K$5:$K$104,'Sales Tax Log'!$A$5:$A$104,">="&Assumptions!$B$6,'Sales Tax Log'!$A$5:$A$104,"<="&Assumptions!$B$7,'Sales Tax Log'!$F$5:$F$104,$A19)) | E19: =IF($A19="","",SUMIFS('Sales Tax Log'!$L$5:$L$104,'Sales Tax Log'!$A$5:$A$104,">="&Assumptions!$B$6,'Sales Tax Log'!$A$5:$A$104,"<="&Assumptions!$B$7,'Sales Tax Log'!$F$5:$F$104,$A19)) | F19: =IF($A19="","",ROUND(E19-D19,2)) | G19: =IF($A19="","",COUNTIFS('Sales Tax Log'!$A$5:$A$104,">="&Assumptions!$B$6,'Sales Tax Log'!$A$5:$A$104,"<="&Assumptions!$B$7,'Sales Tax Log'!$F$5:$F$104,$A19,'Sales Tax Log'!$P$5:$P$104,"<>OK",'Sales Tax Log'!$P$5:$P$104,"<>"))
A20: =IF(Assumptions!A15="","",Assumptions!A15) | B20: =IF($A20="","",SUMIFS('Sales Tax Log'!$H$5:$H$104,'Sales Tax Log'!$A$5:$A$104,">="&Assumptions!$B$6,'Sales Tax Log'!$A$5:$A$104,"<="&Assumptions!$B$7,'Sales Tax Log'!$F$5:$F$104,$A20)) | C20: =IF($A20="","",SUMIFS('Sales Tax Log'!$I$5:$I$104,'Sales Tax Log'!$A$5:$A$104,">="&Assumptions!$B$6,'Sales Tax Log'!$A$5:$A$104,"<="&Assumptions!$B$7,'Sales Tax Log'!$F$5:$F$104,$A20)) | D20: =IF($A20="","",SUMIFS('Sales Tax Log'!$K$5:$K$104,'Sales Tax Log'!$A$5:$A$104,">="&Assumptions!$B$6,'Sales Tax Log'!$A$5:$A$104,"<="&Assumptions!$B$7,'Sales Tax Log'!$F$5:$F$104,$A20)) | E20: =IF($A20="","",SUMIFS('Sales Tax Log'!$L$5:$L$104,'Sales Tax Log'!$A$5:$A$104,">="&Assumptions!$B$6,'Sales Tax Log'!$A$5:$A$104,"<="&Assumptions!$B$7,'Sales Tax Log'!$F$5:$F$104,$A20)) | F20: =IF($A20="","",ROUND(E20-D20,2)) | G20: =IF($A20="","",COUNTIFS('Sales Tax Log'!$A$5:$A$104,">="&Assumptions!$B$6,'Sales Tax Log'!$A$5:$A$104,"<="&Assumptions!$B$7,'Sales Tax Log'!$F$5:$F$104,$A20,'Sales Tax Log'!$P$5:$P$104,"<>OK",'Sales Tax Log'!$P$5:$P$104,"<>"))
A21: =IF(Assumptions!A16="","",Assumptions!A16) | B21: =IF($A21="","",SUMIFS('Sales Tax Log'!$H$5:$H$104,'Sales Tax Log'!$A$5:$A$104,">="&Assumptions!$B$6,'Sales Tax Log'!$A$5:$A$104,"<="&Assumptions!$B$7,'Sales Tax Log'!$F$5:$F$104,$A21)) | C21: =IF($A21="","",SUMIFS('Sales Tax Log'!$I$5:$I$104,'Sales Tax Log'!$A$5:$A$104,">="&Assumptions!$B$6,'Sales Tax Log'!$A$5:$A$104,"<="&Assumptions!$B$7,'Sales Tax Log'!$F$5:$F$104,$A21)) | D21: =IF($A21="","",SUMIFS('Sales Tax Log'!$K$5:$K$104,'Sales Tax Log'!$A$5:$A$104,">="&Assumptions!$B$6,'Sales Tax Log'!$A$5:$A$104,"<="&Assumptions!$B$7,'Sales Tax Log'!$F$5:$F$104,$A21)) | E21: =IF($A21="","",SUMIFS('Sales Tax Log'!$L$5:$L$104,'Sales Tax Log'!$A$5:$A$104,">="&Assumptions!$B$6,'Sales Tax Log'!$A$5:$A$104,"<="&Assumptions!$B$7,'Sales Tax Log'!$F$5:$F$104,$A21)) | F21: =IF($A21="","",ROUND(E21-D21,2)) | G21: =IF($A21="","",COUNTIFS('Sales Tax Log'!$A$5:$A$104,">="&Assumptions!$B$6,'Sales Tax Log'!$A$5:$A$104,"<="&Assumptions!$B$7,'Sales Tax Log'!$F$5:$F$104,$A21,'Sales Tax Log'!$P$5:$P$104,"<>OK",'Sales Tax Log'!$P$5:$P$104,"<>"))
A22: =IF(Assumptions!A17="","",Assumptions!A17) | B22: =IF($A22="","",SUMIFS('Sales Tax Log'!$H$5:$H$104,'Sales Tax Log'!$A$5:$A$104,">="&Assumptions!$B$6,'Sales Tax Log'!$A$5:$A$104,"<="&Assumptions!$B$7,'Sales Tax Log'!$F$5:$F$104,$A22)) | C22: =IF($A22="","",SUMIFS('Sales Tax Log'!$I$5:$I$104,'Sales Tax Log'!$A$5:$A$104,">="&Assumptions!$B$6,'Sales Tax Log'!$A$5:$A$104,"<="&Assumptions!$B$7,'Sales Tax Log'!$F$5:$F$104,$A22)) | D22: =IF($A22="","",SUMIFS('Sales Tax Log'!$K$5:$K$104,'Sales Tax Log'!$A$5:$A$104,">="&Assumptions!$B$6,'Sales Tax Log'!$A$5:$A$104,"<="&Assumptions!$B$7,'Sales Tax Log'!$F$5:$F$104,$A22)) | E22: =IF($A22="","",SUMIFS('Sales Tax Log'!$L$5:$L$104,'Sales Tax Log'!$A$5:$A$104,">="&Assumptions!$B$6,'Sales Tax Log'!$A$5:$A$104,"<="&Assumptions!$B$7,'Sales Tax Log'!$F$5:$F$104,$A22)) | F22: =IF($A22="","",ROUND(E22-D22,2)) | G22: =IF($A22="","",COUNTIFS('Sales Tax Log'!$A$5:$A$104,">="&Assumptions!$B$6,'Sales Tax Log'!$A$5:$A$104,"<="&Assumptions!$B$7,'Sales Tax Log'!$F$5:$F$104,$A22,'Sales Tax Log'!$P$5:$P$104,"<>OK",'Sales Tax Log'!$P$5:$P$104,"<>"))
A23: =IF(Assumptions!A18="","",Assumptions!A18) | B23: =IF($A23="","",SUMIFS('Sales Tax Log'!$H$5:$H$104,'Sales Tax Log'!$A$5:$A$104,">="&Assumptions!$B$6,'Sales Tax Log'!$A$5:$A$104,"<="&Assumptions!$B$7,'Sales Tax Log'!$F$5:$F$104,$A23)) | C23: =IF($A23="","",SUMIFS('Sales Tax Log'!$I$5:$I$104,'Sales Tax Log'!$A$5:$A$104,">="&Assumptions!$B$6,'Sales Tax Log'!$A$5:$A$104,"<="&Assumptions!$B$7,'Sales Tax Log'!$F$5:$F$104,$A23)) | D23: =IF($A23="","",SUMIFS('Sales Tax Log'!$K$5:$K$104,'Sales Tax Log'!$A$5:$A$104,">="&Assumptions!$B$6,'Sales Tax Log'!$A$5:$A$104,"<="&Assumptions!$B$7,'Sales Tax Log'!$F$5:$F$104,$A23)) | E23: =IF($A23="","",SUMIFS('Sales Tax Log'!$L$5:$L$104,'Sales Tax Log'!$A$5:$A$104,">="&Assumptions!$B$6,'Sales Tax Log'!$A$5:$A$104,"<="&Assumptions!$B$7,'Sales Tax Log'!$F$5:$F$104,$A23)) | F23: =IF($A23="","",ROUND(E23-D23,2)) | G23: =IF($A23="","",COUNTIFS('Sales Tax Log'!$A$5:$A$104,">="&Assumptions!$B$6,'Sales Tax Log'!$A$5:$A$104,"<="&Assumptions!$B$7,'Sales Tax Log'!$F$5:$F$104,$A23,'Sales Tax Log'!$P$5:$P$104,"<>OK",'Sales Tax Log'!$P$5:$P$104,"<>"))
A24: =IF(Assumptions!A19="","",Assumptions!A19) | B24: =IF($A24="","",SUMIFS('Sales Tax Log'!$H$5:$H$104,'Sales Tax Log'!$A$5:$A$104,">="&Assumptions!$B$6,'Sales Tax Log'!$A$5:$A$104,"<="&Assumptions!$B$7,'Sales Tax Log'!$F$5:$F$104,$A24)) | C24: =IF($A24="","",SUMIFS('Sales Tax Log'!$I$5:$I$104,'Sales Tax Log'!$A$5:$A$104,">="&Assumptions!$B$6,'Sales Tax Log'!$A$5:$A$104,"<="&Assumptions!$B$7,'Sales Tax Log'!$F$5:$F$104,$A24)) | D24: =IF($A24="","",SUMIFS('Sales Tax Log'!$K$5:$K$104,'Sales Tax Log'!$A$5:$A$104,">="&Assumptions!$B$6,'Sales Tax Log'!$A$5:$A$104,"<="&Assumptions!$B$7,'Sales Tax Log'!$F$5:$F$104,$A24)) | E24: =IF($A24="","",SUMIFS('Sales Tax Log'!$L$5:$L$104,'Sales Tax Log'!$A$5:$A$104,">="&Assumptions!$B$6,'Sales Tax Log'!$A$5:$A$104,"<="&Assumptions!$B$7,'Sales Tax Log'!$F$5:$F$104,$A24)) | F24: =IF($A24="","",ROUND(E24-D24,2)) | G24: =IF($A24="","",COUNTIFS('Sales Tax Log'!$A$5:$A$104,">="&Assumptions!$B$6,'Sales Tax Log'!$A$5:$A$104,"<="&Assumptions!$B$7,'Sales Tax Log'!$F$5:$F$104,$A24,'Sales Tax Log'!$P$5:$P$104,"<>OK",'Sales Tax Log'!$P$5:$P$104,"<>"))
A25: =IF(Assumptions!A20="","",Assumptions!A20) | B25: =IF($A25="","",SUMIFS('Sales Tax Log'!$H$5:$H$104,'Sales Tax Log'!$A$5:$A$104,">="&Assumptions!$B$6,'Sales Tax Log'!$A$5:$A$104,"<="&Assumptions!$B$7,'Sales Tax Log'!$F$5:$F$104,$A25)) | C25: =IF($A25="","",SUMIFS('Sales Tax Log'!$I$5:$I$104,'Sales Tax Log'!$A$5:$A$104,">="&Assumptions!$B$6,'Sales Tax Log'!$A$5:$A$104,"<="&Assumptions!$B$7,'Sales Tax Log'!$F$5:$F$104,$A25)) | D25: =IF($A25="","",SUMIFS('Sales Tax Log'!$K$5:$K$104,'Sales Tax Log'!$A$5:$A$104,">="&Assumptions!$B$6,'Sales Tax Log'!$A$5:$A$104,"<="&Assumptions!$B$7,'Sales Tax Log'!$F$5:$F$104,$A25)) | E25: =IF($A25="","",SUMIFS('Sales Tax Log'!$L$5:$L$104,'Sales Tax Log'!$A$5:$A$104,">="&Assumptions!$B$6,'Sales Tax Log'!$A$5:$A$104,"<="&Assumptions!$B$7,'Sales Tax Log'!$F$5:$F$104,$A25)) | F25: =IF($A25="","",ROUND(E25-D25,2)) | G25: =IF($A25="","",COUNTIFS('Sales Tax Log'!$A$5:$A$104,">="&Assumptions!$B$6,'Sales Tax Log'!$A$5:$A$104,"<="&Assumptions!$B$7,'Sales Tax Log'!$F$5:$F$104,$A25,'Sales Tax Log'!$P$5:$P$104,"<>OK",'Sales Tax Log'!$P$5:$P$104,"<>"))
A26: =IF(Assumptions!A21="","",Assumptions!A21) | B26: =IF($A26="","",SUMIFS('Sales Tax Log'!$H$5:$H$104,'Sales Tax Log'!$A$5:$A$104,">="&Assumptions!$B$6,'Sales Tax Log'!$A$5:$A$104,"<="&Assumptions!$B$7,'Sales Tax Log'!$F$5:$F$104,$A26)) | C26: =IF($A26="","",SUMIFS('Sales Tax Log'!$I$5:$I$104,'Sales Tax Log'!$A$5:$A$104,">="&Assumptions!$B$6,'Sales Tax Log'!$A$5:$A$104,"<="&Assumptions!$B$7,'Sales Tax Log'!$F$5:$F$104,$A26)) | D26: =IF($A26="","",SUMIFS('Sales Tax Log'!$K$5:$K$104,'Sales Tax Log'!$A$5:$A$104,">="&Assumptions!$B$6,'Sales Tax Log'!$A$5:$A$104,"<="&Assumptions!$B$7,'Sales Tax Log'!$F$5:$F$104,$A26)) | E26: =IF($A26="","",SUMIFS('Sales Tax Log'!$L$5:$L$104,'Sales Tax Log'!$A$5:$A$104,">="&Assumptions!$B$6,'Sales Tax Log'!$A$5:$A$104,"<="&Assumptions!$B$7,'Sales Tax Log'!$F$5:$F$104,$A26)) | F26: =IF($A26="","",ROUND(E26-D26,2)) | G26: =IF($A26="","",COUNTIFS('Sales Tax Log'!$A$5:$A$104,">="&Assumptions!$B$6,'Sales Tax Log'!$A$5:$A$104,"<="&Assumptions!$B$7,'Sales Tax Log'!$F$5:$F$104,$A26,'Sales Tax Log'!$P$5:$P$104,"<>OK",'Sales Tax Log'!$P$5:$P$104,"<>"))
A27: =IF(Assumptions!A22="","",Assumptions!A22) | B27: =IF($A27="","",SUMIFS('Sales Tax Log'!$H$5:$H$104,'Sales Tax Log'!$A$5:$A$104,">="&Assumptions!$B$6,'Sales Tax Log'!$A$5:$A$104,"<="&Assumptions!$B$7,'Sales Tax Log'!$F$5:$F$104,$A27)) | C27: =IF($A27="","",SUMIFS('Sales Tax Log'!$I$5:$I$104,'Sales Tax Log'!$A$5:$A$104,">="&Assumptions!$B$6,'Sales Tax Log'!$A$5:$A$104,"<="&Assumptions!$B$7,'Sales Tax Log'!$F$5:$F$104,$A27)) | D27: =IF($A27="","",SUMIFS('Sales Tax Log'!$K$5:$K$104,'Sales Tax Log'!$A$5:$A$104,">="&Assumptions!$B$6,'Sales Tax Log'!$A$5:$A$104,"<="&Assumptions!$B$7,'Sales Tax Log'!$F$5:$F$104,$A27)) | E27: =IF($A27="","",SUMIFS('Sales Tax Log'!$L$5:$L$104,'Sales Tax Log'!$A$5:$A$104,">="&Assumptions!$B$6,'Sales Tax Log'!$A$5:$A$104,"<="&Assumptions!$B$7,'Sales Tax Log'!$F$5:$F$104,$A27)) | F27: =IF($A27="","",ROUND(E27-D27,2)) | G27: =IF($A27="","",COUNTIFS('Sales Tax Log'!$A$5:$A$104,">="&Assumptions!$B$6,'Sales Tax Log'!$A$5:$A$104,"<="&Assumptions!$B$7,'Sales Tax Log'!$F$5:$F$104,$A27,'Sales Tax Log'!$P$5:$P$104,"<>OK",'Sales Tax Log'!$P$5:$P$104,"<>"))

Sheet Sales Tax Log
A1: Sales Tax Log
A2: Yellow cells are user inputs. Calculated tax uses the editable jurisdiction rate assumptions; review every alert before relying on the totals.
A4: Service Date | B4: Filing Period | C4: Customer | D4: Service Site | E4: Service | F4: Tax Jurisdiction | G4: Tax Responsibility | H4: Invoice Amount | I4: Taxable Amount | J4: Tax Rate | K4: Expected Tax | L4: Tax Collected | M4: Tax Difference | N4: Filing Status | O4: Tax Payment Date | P4: Review Alert
A5: 46023 | B5: =IF(A5="","",TEXT(A5,"mm/yyyy")) | C5: Fictional Maple Moth Cafe | D5: Fictional Site Alpha — North Borough | E5: Recurring pest service | F5: Fictional North Borough | G5: Company Collects | H5: 180 | I5: 180 | J5: =IF(F5="","",IFERROR(VLOOKUP(F5,Assumptions!$A$13:$B$112,2,FALSE),"")) | K5: =IF(OR(A5="",G5="",I5=""),"",IF(G5="Company Collects",IF(J5="","",ROUND(I5*J5,2)),0)) | L5: 12.6 | M5: =IF(K5="","",ROUND(IF(L5="",0,L5)-K5,2)) | N5: Ready to File | P5: =IF(A5="","",IF(C5="","Check customer",IF(D5="","Check service site",IF(E5="","Check service",IF(F5="","Check jurisdiction",IF(G5="","Check responsibility",IF(H5="","Check invoice amount",IF(I5="","Check taxable amount",IF(I5>H5,"Check taxable amount",IF(AND(OR(G5="Not Taxable",G5="Exemption Claimed"),I5>0),"Check taxable amount",IF(AND(G5="Company Collects",J5=""),"Check tax rate",IF(AND(G5="Company Collects",K5>0,L5=""),"Check tax collected",IF(AND(G5<>"Company Collects",L5>0),"Check tax collected",IF(N5="","Check filing status",IF(AND(N5="Paid",O5=""),"Check payment date",IF(AND(O5<>"",N5<>"Paid"),"Check status/date",IF(ABS(M5)>Assumptions!$B$8,"Check tax difference","OK")))))))))))))))))
A6: 46044 | B6: =IF(A6="","",TEXT(A6,"mm/yyyy")) | C6: Fictional Copper Acorn Market | D6: Fictional Site Bravo — Cedar District | E6: Rodent monitoring service | F6: Fictional Cedar District | G6: Company Collects | H6: 250 | I6: 200 | J6: =IF(F6="","",IFERROR(VLOOKUP(F6,Assumptions!$A$13:$B$112,2,FALSE),"")) | K6: =IF(OR(A6="",G6="",I6=""),"",IF(G6="Company Collects",IF(J6="","",ROUND(I6*J6,2)),0)) | L6: 12.5 | M6: =IF(K6="","",ROUND(IF(L6="",0,L6)-K6,2)) | N6: Paid | O6: 46053 | P6: =IF(A6="","",IF(C6="","Check customer",IF(D6="","Check service site",IF(E6="","Check service",IF(F6="","Check jurisdiction",IF(G6="","Check responsibility",IF(H6="","Check invoice amount",IF(I6="","Check taxable amount",IF(I6>H6,"Check taxable amount",IF(AND(OR(G6="Not Taxable",G6="Exemption Claimed"),I6>0),"Check taxable amount",IF(AND(G6="Company Collects",J6=""),"Check tax rate",IF(AND(G6="Company Collects",K6>0,L6=""),"Check tax collected",IF(AND(G6<>"Company Collects",L6>0),"Check tax collected",IF(N6="","Check filing status",IF(AND(N6="Paid",O6=""),"Check payment date",IF(AND(O6<>"",N6<>"Paid"),"Check status/date",IF(ABS(M6)>Assumptions!$B$8,"Check tax difference","OK")))))))))))))))))
A7: 46055 | B7: =IF(A7="","",TEXT(A7,"mm/yyyy")) | C7: Fictional Blue Lantern Bakery | D7: Fictional Site Charlie — Harbor Township | E7: General pest inspection | F7: Fictional Harbor Township | G7: Company Collects | H7: 145 | I7: 145 | J7: =IF(F7="","",IFERROR(VLOOKUP(F7,Assumptions!$A$13:$B$112,2,FALSE),"")) | K7: =IF(OR(A7="",G7="",I7=""),"",IF(G7="Company Collects",IF(J7="","",ROUND(I7*J7,2)),0)) | L7: 10 | M7: =IF(K7="","",ROUND(IF(L7="",0,L7)-K7,2)) | N7: Filed - Unpaid | P7: =IF(A7="","",IF(C7="","Check customer",IF(D7="","Check service site",IF(E7="","Check service",IF(F7="","Check jurisdiction",IF(G7="","Check responsibility",IF(H7="","Check invoice amount",IF(I7="","Check taxable amount",IF(I7>H7,"Check taxable amount",IF(AND(OR(G7="Not Taxable",G7="Exemption Claimed"),I7>0),"Check taxable amount",IF(AND(G7="Company Collects",J7=""),"Check tax rate",IF(AND(G7="Company Collects",K7>0,L7=""),"Check tax collected",IF(AND(G7<>"Company Collects",L7>0),"Check tax collected",IF(N7="","Check filing status",IF(AND(N7="Paid",O7=""),"Check payment date",IF(AND(O7<>"",N7<>"Paid"),"Check status/date",IF(ABS(M7)>Assumptions!$B$8,"Check tax difference","OK")))))))))))))))))
A8: 46067 | B8: =IF(A8="","",TEXT(A8,"mm/yyyy")) | C8: Fictional Paper Moon Offices | D8: Fictional Site Delta — Mesa County | E8: Pest activity assessment | F8: Fictional Mesa County | G8: Not Taxable | H8: 310 | I8: 0 | J8: =IF(F8="","",IFERROR(VLOOKUP(F8,Assumptions!$A$13:$B$112,2,FALSE),"")) | K8: =IF(OR(A8="",G8="",I8=""),"",IF(G8="Company Collects",IF(J8="","",ROUND(I8*J8,2)),0)) | L8: 0 | M8: =IF(K8="","",ROUND(IF(L8="",0,L8)-K8,2)) | N8: Unreviewed | P8: =IF(A8="","",IF(C8="","Check customer",IF(D8="","Check service site",IF(E8="","Check service",IF(F8="","Check jurisdiction",IF(G8="","Check responsibility",IF(H8="","Check invoice amount",IF(I8="","Check taxable amount",IF(I8>H8,"Check taxable amount",IF(AND(OR(G8="Not Taxable",G8="Exemption Claimed"),I8>0),"Check taxable amount",IF(AND(G8="Company Collects",J8=""),"Check tax rate",IF(AND(G8="Company Collects",K8>0,L8=""),"Check tax collected",IF(AND(G8<>"Company Collects",L8>0),"Check tax collected",IF(N8="","Check filing status",IF(AND(N8="Paid",O8=""),"Check payment date",IF(AND(O8<>"",N8<>"Paid"),"Check status/date",IF(ABS(M8)>Assumptions!$B$8,"Check tax difference","OK")))))))))))))))))
A9: 46081 | B9: =IF(A9="","",TEXT(A9,"mm/yyyy")) | C9: Fictional Pebble and Pine Storage | D9: Fictional Site Echo — North Borough | E9: Recurring pest service | F9: Fictional North Borough | G9: Customer Self-Assesses | H9: 500 | I9: 500 | J9: =IF(F9="","",IFERROR(VLOOKUP(F9,Assumptions!$A$13:$B$112,2,FALSE),"")) | K9: =IF(OR(A9="",G9="",I9=""),"",IF(G9="Company Collects",IF(J9="","",ROUND(I9*J9,2)),0)) | L9: 0 | M9: =IF(K9="","",ROUND(IF(L9="",0,L9)-K9,2)) | N9: Ready to File | P9: =IF(A9="","",IF(C9="","Check customer",IF(D9="","Check service site",IF(E9="","Check service",IF(F9="","Check jurisdiction",IF(G9="","Check responsibility",IF(H9="","Check invoice amount",IF(I9="","Check taxable amount",IF(I9>H9,"Check taxable amount",IF(AND(OR(G9="Not Taxable",G9="Exemption Claimed"),I9>0),"Check taxable amount",IF(AND(G9="Company Collects",J9=""),"Check tax rate",IF(AND(G9="Company Collects",K9>0,L9=""),"Check tax collected",IF(AND(G9<>"Company Collects",L9>0),"Check tax collected",IF(N9="","Check filing status",IF(AND(N9="Paid",O9=""),"Check payment date",IF(AND(O9<>"",N9<>"Paid"),"Check status/date",IF(ABS(M9)>Assumptions!$B$8,"Check tax difference","OK")))))))))))))))))
A10: 46084 | B10: =IF(A10="","",TEXT(A10,"mm/yyyy")) | C10: Fictional Cloudberry Diner | D10: Fictional Site Foxtrot — Cedar District | E10: Pest exclusion inspection | F10: Fictional Cedar District | G10: Company Collects | H10: 95 | I10: 95 | J10: =IF(F10="","",IFERROR(VLOOKUP(F10,Assumptions!$A$13:$B$112,2,FALSE),"")) | K10: =IF(OR(A10="",G10="",I10=""),"",IF(G10="Company Collects",IF(J10="","",ROUND(I10*J10,2)),0)) | L10: 5.94 | M10: =IF(K10="","",ROUND(IF(L10="",0,L10)-K10,2)) | N10: Paid | O10: 46091 | P10: =IF(A10="","",IF(C10="","Check customer",IF(D10="","Check service site",IF(E10="","Check service",IF(F10="","Check jurisdiction",IF(G10="","Check responsibility",IF(H10="","Check invoice amount",IF(I10="","Check taxable amount",IF(I10>H10,"Check taxable amount",IF(AND(OR(G10="Not Taxable",G10="Exemption Claimed"),I10>0),"Check taxable amount",IF(AND(G10="Company Collects",J10=""),"Check tax rate",IF(AND(G10="Company Collects",K10>0,L10=""),"Check tax collected",IF(AND(G10<>"Company Collects",L10>0),"Check tax collected",IF(N10="","Check filing status",IF(AND(N10="Paid",O10=""),"Check payment date",IF(AND(O10<>"",N10<>"Paid"),"Check status/date",IF(ABS(M10)>Assumptions!$B$8,"Check tax difference","OK")))))))))))))))))
A11: 46093 | B11: =IF(A11="","",TEXT(A11,"mm/yyyy")) | C11: Fictional Tin Compass Books | D11: Fictional Site Golf — Harbor Township | E11: General pest inspection | F11: Fictional Harbor Township | G11: Exemption Claimed | H11: 220 | I11: 0 | J11: =IF(F11="","",IFERROR(VLOOKUP(F11,Assumptions!$A$13:$B$112,2,FALSE),"")) | K11: =IF(OR(A11="",G11="",I11=""),"",IF(G11="Company Collects",IF(J11="","",ROUND(I11*J11,2)),0)) | L11: 0 | M11: =IF(K11="","",ROUND(IF(L11="",0,L11)-K11,2)) | N11: On Hold | P11: =IF(A11="","",IF(C11="","Check customer",IF(D11="","Check service site",IF(E11="","Check service",IF(F11="","Check jurisdiction",IF(G11="","Check responsibility",IF(H11="","Check invoice amount",IF(I11="","Check taxable amount",IF(I11>H11,"Check taxable amount",IF(AND(OR(G11="Not Taxable",G11="Exemption Claimed"),I11>0),"Check taxable amount",IF(AND(G11="Company Collects",J11=""),"Check tax rate",IF(AND(G11="Company Collects",K11>0,L11=""),"Check tax collected",IF(AND(G11<>"Company Collects",L11>0),"Check tax collected",IF(N11="","Check filing status",IF(AND(N11="Paid",O11=""),"Check payment date",IF(AND(O11<>"",N11<>"Paid"),"Check status/date",IF(ABS(M11)>Assumptions!$B$8,"Check tax difference","OK")))))))))))))))))
A12: 46098 | B12: =IF(A12="","",TEXT(A12,"mm/yyyy")) | C12: Fictional Velvet Ant Studio | D12: Fictional Site Hotel — Mesa County | E12: Recurring pest service | F12: Fictional Mesa County | G12: Company Collects | H12: 400 | I12: 350 | J12: =IF(F12="","",IFERROR(VLOOKUP(F12,Assumptions!$A$13:$B$112,2,FALSE),"")) | K12: =IF(OR(A12="",G12="",I12=""),"",IF(G12="Company Collects",IF(J12="","",ROUND(I12*J12,2)),0)) | L12: 26.25 | M12: =IF(K12="","",ROUND(IF(L12="",0,L12)-K12,2)) | N12: Filed - Unpaid | P12: =IF(A12="","",IF(C12="","Check customer",IF(D12="","Check service site",IF(E12="","Check service",IF(F12="","Check jurisdiction",IF(G12="","Check responsibility",IF(H12="","Check invoice amount",IF(I12="","Check taxable amount",IF(I12>H12,"Check taxable amount",IF(AND(OR(G12="Not Taxable",G12="Exemption Claimed"),I12>0),"Check taxable amount",IF(AND(G12="Company Collects",J12=""),"Check tax rate",IF(AND(G12="Company Collects",K12>0,L12=""),"Check tax collected",IF(AND(G12<>"Company Collects",L12>0),"Check tax collected",IF(N12="","Check filing status",IF(AND(N12="Paid",O12=""),"Check payment date",IF(AND(O12<>"",N12<>"Paid"),"Check status/date",IF(ABS(M12)>Assumptions!$B$8,"Check tax difference","OK")))))))))))))))))
A13: 46106 | B13: =IF(A13="","",TEXT(A13,"mm/yyyy")) | C13: Fictional Juniper Kite Hotel | D13: Fictional Site India — North Borough | E13: Pest monitoring service | F13: Fictional North Borough | G13: Company Collects | H13: 160 | I13: 160 | J13: =IF(F13="","",IFERROR(VLOOKUP(F13,Assumptions!$A$13:$B$112,2,FALSE),"")) | K13: =IF(OR(A13="",G13="",I13=""),"",IF(G13="Company Collects",IF(J13="","",ROUND(I13*J13,2)),0)) | L13: 11.25 | M13: =IF(K13="","",ROUND(IF(L13="",0,L13)-K13,2)) | N13: Ready to File | P13: =IF(A13="","",IF(C13="","Check customer",IF(D13="","Check service site",IF(E13="","Check service",IF(F13="","Check jurisdiction",IF(G13="","Check responsibility",IF(H13="","Check invoice amount",IF(I13="","Check taxable amount",IF(I13>H13,"Check taxable amount",IF(AND(OR(G13="Not Taxable",G13="Exemption Claimed"),I13>0),"Check taxable amount",IF(AND(G13="Company Collects",J13=""),"Check tax rate",IF(AND(G13="Company Collects",K13>0,L13=""),"Check tax collected",IF(AND(G13<>"Company Collects",L13>0),"Check tax collected",IF(N13="","Check filing status",IF(AND(N13="Paid",O13=""),"Check payment date",IF(AND(O13<>"",N13<>"Paid"),"Check status/date",IF(ABS(M13)>Assumptions!$B$8,"Check tax difference","OK")))))))))))))))))
A14: 46112 | B14: =IF(A14="","",TEXT(A14,"mm/yyyy")) | C14: Fictional Marble Beetle Shop | D14: Fictional Site Juliet — Cedar District | E14: Recurring pest service | F14: Fictional Cedar District | G14: Company Collects | H14: 275 | I14: 275 | J14: =IF(F14="","",IFERROR(VLOOKUP(F14,Assumptions!$A$13:$B$112,2,FALSE),"")) | K14: =IF(OR(A14="",G14="",I14=""),"",IF(G14="Company Collects",IF(J14="","",ROUND(I14*J14,2)),0)) | M14: =IF(K14="","",ROUND(IF(L14="",0,L14)-K14,2)) | N14: Unreviewed | P14: =IF(A14="","",IF(C14="","Check customer",IF(D14="","Check service site",IF(E14="","Check service",IF(F14="","Check jurisdiction",IF(G14="","Check responsibility",IF(H14="","Check invoice amount",IF(I14="","Check taxable amount",IF(I14>H14,"Check taxable amount",IF(AND(OR(G14="Not Taxable",G14="Exemption Claimed"),I14>0),"Check taxable amount",IF(AND(G14="Company Collects",J14=""),"Check tax rate",IF(AND(G14="Company Collects",K14>0,L14=""),"Check tax collected",IF(AND(G14<>"Company Collects",L14>0),"Check tax collected",IF(N14="","Check filing status",IF(AND(N14="Paid",O14=""),"Check payment date",IF(AND(O14<>"",N14<>"Paid"),"Check status/date",IF(ABS(M14)>Assumptions!$B$8,"Check tax difference","OK")))))))))))))))))
B15: =IF(A15="","",TEXT(A15,"mm/yyyy")) | J15: =IF(F15="","",IFERROR(VLOOKUP(F15,Assumptions!$A$13:$B$112,2,FALSE),"")) | K15: =IF(OR(A15="",G15="",I15=""),"",IF(G15="Company Collects",IF(J15="","",ROUND(I15*J15,2)),0)) | M15: =IF(K15="","",ROUND(IF(L15="",0,L15)-K15,2)) | P15: =IF(A15="","",IF(C15="","Check customer",IF(D15="","Check service site",IF(E15="","Check service",IF(F15="","Check jurisdiction",IF(G15="","Check responsibility",IF(H15="","Check invoice amount",IF(I15="","Check taxable amount",IF(I15>H15,"Check taxable amount",IF(AND(OR(G15="Not Taxable",G15="Exemption Claimed"),I15>0),"Check taxable amount",IF(AND(G15="Company Collects",J15=""),"Check tax rate",IF(AND(G15="Company Collects",K15>0,L15=""),"Check tax collected",IF(AND(G15<>"Company Collects",L15>0),"Check tax collected",IF(N15="","Check filing status",IF(AND(N15="Paid",O15=""),"Check payment date",IF(AND(O15<>"",N15<>"Paid"),"Check status/date",IF(ABS(M15)>Assumptions!$B$8,"Check tax difference","OK")))))))))))))))))
B16: =IF(A16="","",TEXT(A16,"mm/yyyy")) | J16: =IF(F16="","",IFERROR(VLOOKUP(F16,Assumptions!$A$13:$B$112,2,FALSE),"")) | K16: =IF(OR(A16="",G16="",I16=""),"",IF(G16="Company Collects",IF(J16="","",ROUND(I16*J16,2)),0)) | M16: =IF(K16="","",ROUND(IF(L16="",0,L16)-K16,2)) | P16: =IF(A16="","",IF(C16="","Check customer",IF(D16="","Check service site",IF(E16="","Check service",IF(F16="","Check jurisdiction",IF(G16="","Check responsibility",IF(H16="","Check invoice amount",IF(I16="","Check taxable amount",IF(I16>H16,"Check taxable amount",IF(AND(OR(G16="Not Taxable",G16="Exemption Claimed"),I16>0),"Check taxable amount",IF(AND(G16="Company Collects",J16=""),"Check tax rate",IF(AND(G16="Company Collects",K16>0,L16=""),"Check tax collected",IF(AND(G16<>"Company Collects",L16>0),"Check tax collected",IF(N16="","Check filing status",IF(AND(N16="Paid",O16=""),"Check payment date",IF(AND(O16<>"",N16<>"Paid"),"Check status/date",IF(ABS(M16)>Assumptions!$B$8,"Check tax difference","OK")))))))))))))))))
B17: =IF(A17="","",TEXT(A17,"mm/yyyy")) | J17: =IF(F17="","",IFERROR(VLOOKUP(F17,Assumptions!$A$13:$B$112,2,FALSE),"")) | K17: =IF(OR(A17="",G17="",I17=""),"",IF(G17="Company Collects",IF(J17="","",ROUND(I17*J17,2)),0)) | M17: =IF(K17="","",ROUND(IF(L17="",0,L17)-K17,2)) | P17: =IF(A17="","",IF(C17="","Check customer",IF(D17="","Check service site",IF(E17="","Check service",IF(F17="","Check jurisdiction",IF(G17="","Check responsibility",IF(H17="","Check invoice amount",IF(I17="","Check taxable amount",IF(I17>H17,"Check taxable amount",IF(AND(OR(G17="Not Taxable",G17="Exemption Claimed"),I17>0),"Check taxable amount",IF(AND(G17="Company Collects",J17=""),"Check tax rate",IF(AND(G17="Company Collects",K17>0,L17=""),"Check tax collected",IF(AND(G17<>"Company Collects",L17>0),"Check tax collected",IF(N17="","Check filing status",IF(AND(N17="Paid",O17=""),"Check payment date",IF(AND(O17<>"",N17<>"Paid"),"Check status/date",IF(ABS(M17)>Assumptions!$B$8,"Check tax difference","OK")))))))))))))))))
B18: =IF(A18="","",TEXT(A18,"mm/yyyy")) | J18: =IF(F18="","",IFERROR(VLOOKUP(F18,Assumptions!$A$13:$B$112,2,FALSE),"")) | K18: =IF(OR(A18="",G18="",I18=""),"",IF(G18="Company Collects",IF(J18="","",ROUND(I18*J18,2)),0)) | M18: =IF(K18="","",ROUND(IF(L18="",0,L18)-K18,2)) | P18: =IF(A18="","",IF(C18="","Check customer",IF(D18="","Check service site",IF(E18="","Check service",IF(F18="","Check jurisdiction",IF(G18="","Check responsibility",IF(H18="","Check invoice amount",IF(I18="","Check taxable amount",IF(I18>H18,"Check taxable amount",IF(AND(OR(G18="Not Taxable",G18="Exemption Claimed"),I18>0),"Check taxable amount",IF(AND(G18="Company Collects",J18=""),"Check tax rate",IF(AND(G18="Company Collects",K18>0,L18=""),"Check tax collected",IF(AND(G18<>"Company Collects",L18>0),"Check tax collected",IF(N18="","Check filing status",IF(AND(N18="Paid",O18=""),"Check payment date",IF(AND(O18<>"",N18<>"Paid"),"Check status/date",IF(ABS(M18)>Assumptions!$B$8,"Check tax difference","OK")))))))))))))))))
B19: =IF(A19="","",TEXT(A19,"mm/yyyy")) | J19: =IF(F19="","",IFERROR(VLOOKUP(F19,Assumptions!$A$13:$B$112,2,FALSE),"")) | K19: =IF(OR(A19="",G19="",I19=""),"",IF(G19="Company Collects",IF(J19="","",ROUND(I19*J19,2)),0)) | M19: =IF(K19="","",ROUND(IF(L19="",0,L19)-K19,2)) | P19: =IF(A19="","",IF(C19="","Check customer",IF(D19="","Check service site",IF(E19="","Check service",IF(F19="","Check jurisdiction",IF(G19="","Check responsibility",IF(H19="","Check invoice amount",IF(I19="","Check taxable amount",IF(I19>H19,"Check taxable amount",IF(AND(OR(G19="Not Taxable",G19="Exemption Claimed"),I19>0),"Check taxable amount",IF(AND(G19="Company Collects",J19=""),"Check tax rate",IF(AND(G19="Company Collects",K19>0,L19=""),"Check tax collected",IF(AND(G19<>"Company Collects",L19>0),"Check tax collected",IF(N19="","Check filing status",IF(AND(N19="Paid",O19=""),"Check payment date",IF(AND(O19<>"",N19<>"Paid"),"Check status/date",IF(ABS(M19)>Assumptions!$B$8,"Check tax difference","OK")))))))))))))))))
B20: =IF(A20="","",TEXT(A20,"mm/yyyy")) | J20: =IF(F20="","",IFERROR(VLOOKUP(F20,Assumptions!$A$13:$B$112,2,FALSE),"")) | K20: =IF(OR(A20="",G20="",I20=""),"",IF(G20="Company Collects",IF(J20="","",ROUND(I20*J20,2)),0)) | M20: =IF(K20="","",ROUND(IF(L20="",0,L20)-K20,2)) | P20: =IF(A20="","",IF(C20="","Check customer",IF(D20="","Check service site",IF(E20="","Check service",IF(F20="","Check jurisdiction",IF(G20="","Check responsibility",IF(H20="","Check invoice amount",IF(I20="","Check taxable amount",IF(I20>H20,"Check taxable amount",IF(AND(OR(G20="Not Taxable",G20="Exemption Claimed"),I20>0),"Check taxable amount",IF(AND(G20="Company Collects",J20=""),"Check tax rate",IF(AND(G20="Company Collects",K20>0,L20=""),"Check tax collected",IF(AND(G20<>"Company Collects",L20>0),"Check tax collected",IF(N20="","Check filing status",IF(AND(N20="Paid",O20=""),"Check payment date",IF(AND(O20<>"",N20<>"Paid"),"Check status/date",IF(ABS(M20)>Assumptions!$B$8,"Check tax difference","OK")))))))))))))))))
B21: =IF(A21="","",TEXT(A21,"mm/yyyy")) | J21: =IF(F21="","",IFERROR(VLOOKUP(F21,Assumptions!$A$13:$B$112,2,FALSE),"")) | K21: =IF(OR(A21="",G21="",I21=""),"",IF(G21="Company Collects",IF(J21="","",ROUND(I21*J21,2)),0)) | M21: =IF(K21="","",ROUND(IF(L21="",0,L21)-K21,2)) | P21: =IF(A21="","",IF(C21="","Check customer",IF(D21="","Check service site",IF(E21="","Check service",IF(F21="","Check jurisdiction",IF(G21="","Check responsibility",IF(H21="","Check invoice amount",IF(I21="","Check taxable amount",IF(I21>H21,"Check taxable amount",IF(AND(OR(G21="Not Taxable",G21="Exemption Claimed"),I21>0),"Check taxable amount",IF(AND(G21="Company Collects",J21=""),"Check tax rate",IF(AND(G21="Company Collects",K21>0,L21=""),"Check tax collected",IF(AND(G21<>"Company Collects",L21>0),"Check tax collected",IF(N21="","Check filing status",IF(AND(N21="Paid",O21=""),"Check payment date",IF(AND(O21<>"",N21<>"Paid"),"Check status/date",IF(ABS(M21)>Assumptions!$B$8,"Check tax difference","OK")))))))))))))))))
B22: =IF(A22="","",TEXT(A22,"mm/yyyy")) | J22: =IF(F22="","",IFERROR(VLOOKUP(F22,Assumptions!$A$13:$B$112,2,FALSE),"")) | K22: =IF(OR(A22="",G22="",I22=""),"",IF(G22="Company Collects",IF(J22="","",ROUND(I22*J22,2)),0)) | M22: =IF(K22="","",ROUND(IF(L22="",0,L22)-K22,2)) | P22: =IF(A22="","",IF(C22="","Check customer",IF(D22="","Check service site",IF(E22="","Check service",IF(F22="","Check jurisdiction",IF(G22="","Check responsibility",IF(H22="","Check invoice amount",IF(I22="","Check taxable amount",IF(I22>H22,"Check taxable amount",IF(AND(OR(G22="Not Taxable",G22="Exemption Claimed"),I22>0),"Check taxable amount",IF(AND(G22="Company Collects",J22=""),"Check tax rate",IF(AND(G22="Company Collects",K22>0,L22=""),"Check tax collected",IF(AND(G22<>"Company Collects",L22>0),"Check tax collected",IF(N22="","Check filing status",IF(AND(N22="Paid",O22=""),"Check payment date",IF(AND(O22<>"",N22<>"Paid"),"Check status/date",IF(ABS(M22)>Assumptions!$B$8,"Check tax difference","OK")))))))))))))))))
B23: =IF(A23="","",TEXT(A23,"mm/yyyy")) | J23: =IF(F23="","",IFERROR(VLOOKUP(F23,Assumptions!$A$13:$B$112,2,FALSE),"")) | K23: =IF(OR(A23="",G23="",I23=""),"",IF(G23="Company Collects",IF(J23="","",ROUND(I23*J23,2)),0)) | M23: =IF(K23="","",ROUND(IF(L23="",0,L23)-K23,2)) | P23: =IF(A23="","",IF(C23="","Check customer",IF(D23="","Check service site",IF(E23="","Check service",IF(F23="","Check jurisdiction",IF(G23="","Check responsibility",IF(H23="","Check invoice amount",IF(I23="","Check taxable amount",IF(I23>H23,"Check taxable amount",IF(AND(OR(G23="Not Taxable",G23="Exemption Claimed"),I23>0),"Check taxable amount",IF(AND(G23="Company Collects",J23=""),"Check tax rate",IF(AND(G23="Company Collects",K23>0,L23=""),"Check tax collected",IF(AND(G23<>"Company Collects",L23>0),"Check tax collected",IF(N23="","Check filing status",IF(AND(N23="Paid",O23=""),"Check payment date",IF(AND(O23<>"",N23<>"Paid"),"Check status/date",IF(ABS(M23)>Assumptions!$B$8,"Check tax difference","OK")))))))))))))))))
B24: =IF(A24="","",TEXT(A24,"mm/yyyy")) | J24: =IF(F24="","",IFERROR(VLOOKUP(F24,Assumptions!$A$13:$B$112,2,FALSE),"")) | K24: =IF(OR(A24="",G24="",I24=""),"",IF(G24="Company Collects",IF(J24="","",ROUND(I24*J24,2)),0)) | M24: =IF(K24="","",ROUND(IF(L24="",0,L24)-K24,2)) | P24: =IF(A24="","",IF(C24="","Check customer",IF(D24="","Check service site",IF(E24="","Check service",IF(F24="","Check jurisdiction",IF(G24="","Check responsibility",IF(H24="","Check invoice amount",IF(I24="","Check taxable amount",IF(I24>H24,"Check taxable amount",IF(AND(OR(G24="Not Taxable",G24="Exemption Claimed"),I24>0),"Check taxable amount",IF(AND(G24="Company Collects",J24=""),"Check tax rate",IF(AND(G24="Company Collects",K24>0,L24=""),"Check tax collected",IF(AND(G24<>"Company Collects",L24>0),"Check tax collected",IF(N24="","Check filing status",IF(AND(N24="Paid",O24=""),"Check payment date",IF(AND(O24<>"",N24<>"Paid"),"Check status/date",IF(ABS(M24)>Assumptions!$B$8,"Check tax difference","OK")))))))))))))))))
B25: =IF(A25="","",TEXT(A25,"mm/yyyy")) | J25: =IF(F25="","",IFERROR(VLOOKUP(F25,Assumptions!$A$13:$B$112,2,FALSE),"")) | K25: =IF(OR(A25="",G25="",I25=""),"",IF(G25="Company Collects",IF(J25="","",ROUND(I25*J25,2)),0)) | M25: =IF(K25="","",ROUND(IF(L25="",0,L25)-K25,2)) | P25: =IF(A25="","",IF(C25="","Check customer",IF(D25="","Check service site",IF(E25="","Check service",IF(F25="","Check jurisdiction",IF(G25="","Check responsibility",IF(H25="","Check invoice amount",IF(I25="","Check taxable amount",IF(I25>H25,"Check taxable amount",IF(AND(OR(G25="Not Taxable",G25="Exemption Claimed"),I25>0),"Check taxable amount",IF(AND(G25="Company Collects",J25=""),"Check tax rate",IF(AND(G25="Company Collects",K25>0,L25=""),"Check tax collected",IF(AND(G25<>"Company Collects",L25>0),"Check tax collected",IF(N25="","Check filing status",IF(AND(N25="Paid",O25=""),"Check payment date",IF(AND(O25<>"",N25<>"Paid"),"Check status/date",IF(ABS(M25)>Assumptions!$B$8,"Check tax difference","OK")))))))))))))))))
B26: =IF(A26="","",TEXT(A26,"mm/yyyy")) | J26: =IF(F26="","",IFERROR(VLOOKUP(F26,Assumptions!$A$13:$B$112,2,FALSE),"")) | K26: =IF(OR(A26="",G26="",I26=""),"",IF(G26="Company Collects",IF(J26="","",ROUND(I26*J26,2)),0)) | M26: =IF(K26="","",ROUND(IF(L26="",0,L26)-K26,2)) | P26: =IF(A26="","",IF(C26="","Check customer",IF(D26="","Check service site",IF(E26="","Check service",IF(F26="","Check jurisdiction",IF(G26="","Check responsibility",IF(H26="","Check invoice amount",IF(I26="","Check taxable amount",IF(I26>H26,"Check taxable amount",IF(AND(OR(G26="Not Taxable",G26="Exemption Claimed"),I26>0),"Check taxable amount",IF(AND(G26="Company Collects",J26=""),"Check tax rate",IF(AND(G26="Company Collects",K26>0,L26=""),"Check tax collected",IF(AND(G26<>"Company Collects",L26>0),"Check tax collected",IF(N26="","Check filing status",IF(AND(N26="Paid",O26=""),"Check payment date",IF(AND(O26<>"",N26<>"Paid"),"Check status/date",IF(ABS(M26)>Assumptions!$B$8,"Check tax difference","OK")))))))))))))))))
... B104: =IF(A104="","",TEXT(A104,"mm/yyyy")) | J104: =IF(F104="","",IFERROR(VLOOKUP(F104,Assumptions!$A$13:$B$112,2,FALSE),"")) | K104: =IF(OR(A104="",G104="",I104=""),"",IF(G104="Company Collects",IF(J104="","",ROUND(I104*J104,2)),0)) | M104: =IF(K104="","",ROUND(IF(L104="",0,L104)-K104,2)) | P104: =IF(A104="","",IF(C104="","Check customer",IF(D104="","Check service site",IF(E104="","Check service",IF(F104="","Check jurisdiction",IF(G104="","Check responsibility",IF(H104="","Check invoice amount",IF(I104="","Check taxable amount",IF(I104>H104,"Check taxable amount",IF(AND(OR(G104="Not Taxable",G104="Exemption Claimed"),I104>0),"Check taxable amount",IF(AND(G104="Company Collects",J104=""),"Check tax rate",IF(AND(G104="Company Collects",K104>0,L104=""),"Check tax collected",IF(AND(G104<>"Company Collects",L104>0),"Check tax collected",IF(N104="","Check filing status",IF(AND(N104="Paid",O104=""),"Check payment date",IF(AND(O104<>"",N104<>"Paid"),"Check status/date",IF(ABS(M104)>Assumptions!$B$8,"Check tax difference","OK")))))))))))))))))

Sheet Assumptions
A1: Assumptions and Reporting Controls
A2: All values are editable planning assumptions. Placeholder jurisdiction rates are fictional and must be reviewed before use.
A4: Reporting Controls
A5: Control | B5: Editable Value | C5: Purpose
A6: Reporting start date | B6: 46023 | C6: Starts the selected Summary reporting period.
A7: Reporting end date | B7: 46112 | C7: Ends the selected Summary reporting period.
A8: Tax difference review threshold | B8: 0.05 | C8: Flags absolute tax differences above this amount.
A9: Rate entry ceiling | B9: 0.25 | C9: Input ceiling for jurisdiction rates; this is not a tax rule.
A11: Jurisdiction Rate Assumptions
A12: Tax Jurisdiction | B12: Default Tax Rate
A13: Fictional North Borough | B13: 0.07
A14: Fictional Cedar District | B14: 0.0625
A15: Fictional Harbor Township | B15: 0.08
A16: Fictional Mesa County | B16: 0.075
